[ PARTIDA AOE2 · #506192550 ]
UnrankedPortugueses vs Malay
Equipo del jugador · VICT
Equipo rival · DERR
[ ANÁLISIS DE REPETICIÓN · EXTRAÍDO DE LA PARTIDA GRABADA ]
Feudal
9:41
Castillos
13:15
Imperial
—
| APM promedio | 67.8 |
| APM pico | 84 |
| eAPM promedio | 31.9 |
| Aldeanos / militares | 57 / 6 |
Foco
⚔️ 39.9% · 🌾 60.1%
Scout Cavalry ×5 · Knight ×1
Feudal
10:56
Castillos
—
Imperial
—
| APM promedio | 61.1 |
| APM pico | 74 |
| eAPM promedio | 22.3 |
| Aldeanos / militares | 48 / 0 |
Foco
⚔️ 24.6% · 🌾 75.4%
Mapa de la partida
Recursos iniciales + cada clic de construcción. Líneas = muros · curvas = relieve. ◆ oro · ⬟ piedra · ● bayas · ✦ reliquia · ◌ hueco del cierre
Tu base· Abierta — flanco sin cerrar
Base de AOKI_Thanouille· Abierta — flanco sin cerrar
Terreno inicial suavizado · ◌ = hueco del cierre detectado · pasá el cursor para detalles
Inputs por minuto
— Tomppa - - AOKI_Thanouille
Build order — Tomppa
103 acciones detectadas en el replay
| 0:00 | Crear | Villager (Male) |
| 0:01 | Crear | Villager (Male) |
| 0:02 | Crear | Villager (Male) ×2 |
| 0:03 | Construir | House |
| 0:04 | Construir | House |
| 0:59 | Crear | Villager (Male) |
| 0:59 | Crear | Villager (Male) |
| 1:06 | Crear | Villager (Male) |
| 1:06 | Crear | Villager (Male) |
| 1:20 | Crear | Villager (Male) |
| 1:20 | Crear | Villager (Male) |
| 1:37 | Crear | Villager (Male) |
| 2:04 | Construir | House |
| 2:06 | Crear | Villager (Male) |
| 2:07 | Crear | Villager (Male) |
| 2:11 | Crear | Villager (Male) |
| 2:12 | Crear | Villager (Male) |
| 2:16 | Construir | House |
| 2:35 | Crear | Villager (Male) |
| 2:48 | Construir | House |
| 2:56 | Crear | Villager (Male) ×2 |
| 3:19 | Construir | House |
| 3:21 | Crear | Villager (Male) |
| 3:30 | Crear | Villager (Male) |
| 3:30 | Crear | Villager (Male) |
| 3:45 | Crear | Villager (Male) ×2 |
| 3:45 | Crear | Villager (Male) ×2 |
| 3:51 | Construir | House |
| 4:12 | Crear | Villager (Male) |
| 4:12 | Crear | Villager (Male) ×2 |
| 4:37 | Crear | Villager (Male) |
| 4:42 | Crear | Villager (Male) |
| 4:43 | Crear | Villager (Male) |
| 4:57 | Crear | Villager (Male) ×5 |
| 5:14 | Crear | Villager (Male) |
| 5:24 | Construir | Lumber Camp |
| 5:36 | Crear | Villager (Male) |
| 5:38 | Crear | Villager (Male) |
| 6:19 | Crear | Villager (Male) |
| 6:39 | Crear | Villager (Male) |
| 7:00 | Construir | Mill |
| 7:05 | Construir | Mill |
| 7:08 | Construir | Mill |
| 7:13 | Crear | Villager (Male) |
| 7:13 | Crear | Villager (Male) |
| 7:18 | Construir | House |
| 7:28 | Construir | Lumber Camp |
| 7:31 | Investigar | Feudal Age |
| 7:31 | Investigar | Feudal Age |
| 7:32 | Investigar | Loom |
| 7:44 | Crear | Villager (Male) |
| 7:44 | Crear | Villager (Male) |
| 8:03 | Construir | Mill |
| 8:07 | Construir | Mining Camp |
| 8:17 | Crear | Villager (Male) |
| 8:17 | Crear | Villager (Male) |
| 8:17 | Crear | Villager (Male) |
| 8:18 | Crear | Villager (Male) |
| 8:18 | Crear | Villager (Male) |
| 8:28 | Crear | Villager (Male) |
| 8:35 | Construir | Barracks |
| 8:45 | Crear | Villager (Male) |
| 8:45 | Crear | Villager (Male) |
| 8:45 | Crear | Villager (Male) |
| 9:20 | Construir | House |
| 9:41 | Edad | Edad Feudal |
| 9:42 | Construir | House |
| 9:43 | Construir | Stable |
| 9:45 | Construir | Blacksmith |
| 9:46 | Construir | Market |
| 9:49 | Construir | Blacksmith |
| 10:25 | Construir | Mining Camp |
| 10:35 | Investigar | Castle Age |
| 10:35 | Investigar | Castle Age |
| 10:55 | Crear | Villager (Male) |
| 11:04 | Investigar | Wheelbarrow |
| 11:04 | Investigar | Wheelbarrow |
| 11:13 | Construir | Farm |
| 11:13 | Construir | Farm |
| 11:14 | Construir | Farm |
| 11:14 | Construir | Farm |
| 11:17 | Crear | Scout Cavalry |
| 11:29 | Crear | Villager (Male) |
| 11:33 | Construir | Stable |
| 11:38 | Crear | Scout Cavalry |
| 11:47 | Construir | House |
| 11:52 | Construir | House |
| 11:53 | Construir | House |
| 11:55 | Crear | Scout Cavalry |
| 12:10 | Investigar | Bloodlines |
| 12:32 | Crear | Scout Cavalry |
| 12:33 | Crear | Scout Cavalry |
| 12:46 | Construir | Farm |
| 12:47 | Construir | Farm |
| 12:48 | Construir | Farm |
| 12:48 | Construir | Farm |
| 12:53 | Crear | Villager (Male) |
| 12:55 | Investigar | Scale Barding Armor |
| 12:55 | Investigar | Scale Barding Armor |
| 13:15 | Edad | Edad de los Castillos |
| 13:17 | Investigar | Light Cavalry (upgrade) |
| 13:18 | Investigar | Light Cavalry (upgrade) |
| 13:19 | Crear | Knight |
Build order — AOKI_Thanouille
79 acciones detectadas en el replay
| 0:00 | Crear | Villager (Male) |
| 0:01 | Crear | Villager (Male) |
| 0:01 | Crear | Villager (Male) |
| 0:01 | Crear | Villager (Male) |
| 0:06 | Construir | House |
| 0:07 | Construir | House |
| 0:15 | Investigar | Loom |
| 0:25 | Construir | House |
| 1:06 | Construir | Lumber Camp |
| 1:07 | Crear | Villager (Male) |
| 1:19 | Crear | Villager (Male) |
| 1:33 | Crear | Villager (Male) |
| 1:51 | Crear | Villager (Male) |
| 2:09 | Construir | House |
| 2:29 | Crear | Villager (Male) |
| 2:38 | Crear | Villager (Male) |
| 2:56 | Crear | Villager (Male) |
| 3:10 | Construir | House |
| 3:21 | Crear | Villager (Male) |
| 3:30 | Crear | Villager (Male) |
| 3:54 | Crear | Villager (Male) |
| 4:01 | Crear | Villager (Male) |
| 4:19 | Crear | Villager (Male) |
| 4:32 | Construir | House |
| 4:44 | Crear | Villager (Male) |
| 5:06 | Crear | Villager (Male) |
| 5:13 | Construir | Mill |
| 5:24 | Crear | Villager (Male) |
| 5:26 | Construir | Mill |
| 5:45 | Crear | Villager (Male) |
| 5:55 | Crear | Villager (Male) |
| 6:17 | Crear | Villager (Male) |
| 6:24 | Crear | Villager (Male) |
| 6:34 | Crear | Villager (Male) |
| 6:47 | Crear | Villager (Male) |
| 6:48 | Crear | Villager (Male) |
| 6:54 | Construir | Mining Camp |
| 6:59 | Crear | Villager (Male) |
| 7:02 | Construir | House |
| 7:02 | Construir | House |
| 7:11 | Crear | Villager (Male) |
| 7:14 | Crear | Villager (Male) |
| 7:26 | Crear | Villager (Male) |
| 7:42 | Crear | Villager (Male) |
| 7:46 | Crear | Villager (Male) |
| 7:56 | Construir | House |
| 8:14 | Crear | Villager (Male) |
| 8:34 | Crear | Villager (Male) |
| 8:37 | Crear | Villager (Male) |
| 8:55 | Construir | Mining Camp |
| 8:57 | Crear | Villager (Male) |
| 9:13 | Crear | Villager (Male) |
| 9:31 | Investigar | Feudal Age |
| 9:46 | Crear | Villager (Male) |
| 9:56 | Crear | Villager (Male) |
| 10:05 | Crear | Villager (Male) |
| 10:18 | Crear | Villager (Male) |
| 10:56 | Edad | Edad Feudal |
| 10:59 | Construir | Market |
| 11:01 | Crear | Villager (Male) |
| 11:05 | Construir | Blacksmith |
| 11:13 | Investigar | Town Watch |
| 11:22 | Construir | Outpost |
| 11:25 | Crear | Villager (Male) |
| 11:29 | Construir | Outpost |
| 11:30 | Construir | Outpost |
| 11:38 | Crear | Villager (Male) |
| 11:48 | Construir | Outpost |
| 11:54 | Construir | House |
| 11:55 | Construir | Palisade Wall |
| 12:00 | Crear | Villager (Male) |
| 12:01 | Crear | Villager (Male) |
| 12:15 | Crear | Villager (Male) |
| 12:25 | Construir | House |
| 12:32 | Crear | Villager (Male) |
| 12:34 | Construir | Barracks |
| 12:48 | Investigar | Castle Age |
| 12:54 | Construir | House |
| 12:54 | Construir | Palisade Wall |
Cronología de la partida
| 8:35 | Tomppa · first_building Barracks |
| 9:41 | Tomppa · age_up feudal |
| 9:43 | Tomppa · first_building Stable |
| 10:56 | AOKI_Thanouille · age_up feudal |
| 11:55 | AOKI_Thanouille · wall_segment Palisade Wall x3 |
| 12:34 | AOKI_Thanouille · first_building Barracks |
| 12:54 | AOKI_Thanouille · wall_segment Palisade Wall x1 |
| 13:15 | Tomppa · age_up castle |
| 13:26 | AOKI_Thanouille · resign |
[ ANÁLISIS IA · 1 CRÉDITO ]
¿Qué pasó realmente en esta partida?
Wolo.gg analiza cada decisión: build order, eco, micro, errores típicos por bracket. Análisis personalizado por WhatsApp o Discord en 30 segundos.
Guía civ
Portugueses
Perfil
Tomppa